Map: Dusty Gorge

Players

Massa - Winner!

  • Race: Terran Terran
  • League: Gold
  • Spawn Location: 5:00

qqq - Winner!

  • Race: Zerg Zerg
  • League: Platinum
  • Spawn Location: 3:00

ChelUbey

  • Race: Zerg Zerg
  • League: Diamond
  • Spawn Location: 11:00

тело

  • Race: Terran Terran
  • League: Platinum
  • Spawn Location: 9:00

VOD

Have the link to the VOD?

Description

Time

  • Played on: May 11, 2020, 6:40 a.m.
  • Length: 5:51
Show
View Real Time Build Order
Export as new Build Order

Massa Terran - Winner!

Build Orders:  

Get SALT Encoding   

  12  0:11  Supply Depot  
  12  0:13  SCV  
  13  0:25  SCV  
  14  0:35  Barracks  
  14  0:37  SCV  
  15  0:49  SCV  
  16  0:54  Supply Depot  
  16  1:02  SCV  
  17  1:13  Barracks  
  17  1:14  SCV  
  18  1:21  Supply Depot  
  18  1:26  SCV, Marine  
  20  1:40  Barracks  
  20  1:43  Marine  
  21  1:51  Supply Depot  
  21  1:54  SCV  
  22  1:58  Refinery  
  22  2:01  Marine  
  23  2:09  Marine  
  23  2:14  Barracks  
  24  2:19  Marine  
  25  2:26  Marine  
  26  2:30  Marine  
  27  2:37  Marine  
  28  2:44  Marine  
  28  2:48  Orbital Command, Marine  
  30  2:55  Marine  
  31  3:02  Marine  
  32  3:06  Marine  
  32  3:10  Marine  
  34  3:12  Marine  
  35  3:20  Marine  
  35  3:24  Marine  
  37  3:28  Marine  
  37  3:30  Marine  
  39  3:38  Marine  
  40  3:41  Marine  
  40  3:46  Marine  
  40  3:48  Marine  
  43  3:55  Marine  
  43  3:59  Marine  
  44  4:04  Marine  
  44  4:06  Marine  
  42  4:13  Marine  
  42  4:17  Marine  
  42  4:22  Marine  
  42  4:24  Marine  
  44  4:31  Marine  
  44  4:35  Marine  
  46  4:39  Marine  
  47  4:49  Supply Depot  
  47  5:10  Marine x4  
  47  5:13  Supply Depot  
  51  5:28  Marine x3  
  33  5:32  Marine  
  32  5:36  Supply Depot  
Show
View Real Time Build Order
Export as new Build Order

qqq Zerg - Winner!

Build Orders: Hatch First 

Get SALT Encoding   

  12  0:01  Drone  
  13  0:08  Drone  
  14  0:41  Hatchery  
  13  0:52  Spawning Pool  
  12  0:59  Overlord  
  12  1:03  Drone  
  13  1:10  Drone  
  14  1:13  Extractor  
  14  1:15  Drone  
  14  1:22  Drone  
  16  1:32  Drone  
  16  1:39  Queen  
  16  1:44  Drone  
  19  1:54  Zergling x2  
  20  1:55  Drone  
  21  2:01  Queen  
  21  2:06  Zergling x2  
  24  2:09  Zergling x2  
  25  2:16  Metabolic Boost  
  25  2:21  Zergling x2  
  26  2:24  Zergling x2  
  26  2:29  Zergling x2  
  28  2:35  Overlord  
  28  2:44  Baneling Nest  
  27  2:46  Drone  
  28  2:55  Drone  
  28  2:57  Overlord  
  29  3:03  Zergling x2  
  29  3:04  Zergling x2  
  31  3:10  Zergling x2  
  31  3:12  Zergling x2  
  33  3:19  Zergling x2  
  32  3:20  Zergling x2  
  32  3:22  Zergling x2  
  32  3:31  Drone  
  32  3:32  Zergling x4  
  35  3:40  Zergling x4  
  36  3:42  Drone  
  37  3:48  Zergling x2  
  37  3:49  Zergling x2  
  37  3:52  Drone  
  37  4:05  Overlord  
  37  4:06  Zergling x2  
  37  4:07  Zergling x4  
  35  4:14  Zergling x4  
  36  4:33  Zergling x4  
  36  4:34  Zergling x6  
  41  4:52  Zergling x8  
  43  4:53  Zergling x6  
  46  5:13  Zergling x4  
  49  5:14  Zergling x4  
  50  5:32  Zergling x4  
Show
View Real Time Build Order
Export as new Build Order

ChelUbey Zerg 

Build Orders: Pool First 

Get SALT Encoding   

  12  0:00  Drone  
  13  0:10  Drone  
  14  0:27  Spawning Pool  
  13  0:30  Drone  
  14  0:39  Overlord  
  14  0:51  Extractor, Drone  
  14  0:57  Drone x2  
  16  1:05  Drone  
  17  1:13  Queen  
  17  1:17  Zergling x2  
  20  1:24  Overlord  
  20  1:53  Hatchery  
  19  1:58  Zergling x2  
  19  2:00  Metabolic Boost  
  20  2:01  Zergling x2  
  20  2:05  Zergling x2  
  22  2:10  Zergling x2  
  23  2:21  Zergling x6  
  26  2:32  Zergling x2  
  27  2:44  Zergling x2  
  28  2:53  Overlord  
  28  2:54  Zergling x4  
  30  3:10  Drone x3, Queen  
  35  3:17  Zergling x4  
  31  3:33  Zergling x8  
  32  3:41  Zergling x2  
  32  3:42  Zergling x2  
  33  3:55  Queen  
  27  4:11  Zergling x12  
  33  4:17  Baneling Nest  
  30  4:47  Drone  
  30  4:48  Drone x2, Spine Crawler  
  32  5:02  Zergling x8  
  32  5:03  Overlord x3  
  32  5:04  Baneling x2  
  32  5:06  Baneling  
  36  5:07  Baneling  
  36  5:09  Baneling  
  36  5:11  Baneling  
  36  5:14  Baneling x2  
  36  5:15  Baneling  
Show
View Real Time Build Order
Export as new Build Order

тело Terran 

Build Orders:  

Get SALT Encoding   

  12  0:00  SCV  
  13  0:12  SCV  
  14  0:18  Supply Depot  
  14  0:25  SCV  
  15  0:40  SCV  
  15  0:41  Barracks  
  16  0:47  Refinery  
  16  0:52  SCV  
  17  1:08  SCV  
  18  1:20  SCV  
  19  1:32  Marine  
  20  1:42  Orbital Command, Command Center  
  20  1:55  Barracks  
  20  2:03  Barracks Reactor  
  20  2:12  Factory  
  21  2:21  Supply Depot  
  20  2:25  Refinery  
  20  2:26  SCV  
  21  2:38  SCV  
  21  2:41  Marine  
  21  2:42  Marine  
  24  2:49  Barracks Tech Lab  
  24  2:50  SCV  
  25  2:59  Factory Reactor, Marine  
  25  3:00  Marine  
  25  3:02  SCV  
  28  3:07  Starport  
  28  3:15  Orbital Command  
  28  3:26  Marine x3  
  31  3:33  Stimpack  
  31  3:36  SCV  
  32  3:44  Marine  
  33  4:09  Marine x3  
  32  4:15  Medivac  
  29  4:27  Marine x3  
  22  4:44  Marine  
  22  4:45  Marine  
  25  4:49  Barracks  
  22  5:00  Marine  
  22  5:02  Marine  
  18  5:16  Orbital Command  
  18  5:18  Marine  
  3  5:28  Marine  
Tags
 
Add a new tag
Caveats
  • Supply blocks, unpowered buildings, or Contaminate may cause inaccurate times.
  • Supply counts are checked every 10 seconds.